 Dungeon Crawl Stone Soup version 0.25-a0-435-g4b9beb1024 (webtiles) character file.

Game seed: 16180907823923089677, levelgen mode: classic

41017 EnegeticOcto the Champion of Chaos (level 13, 70/129 HPs)
             Began as a Deep Dwarf Fighter on Jan 29, 2020.
             Was the Champion of Makhleb.
             Quit the game on level 2 of the Orcish Mines.
             The game lasted 00:14:03 (13451 turns).

EnegeticOcto the Champion of Chaos (DDFi)          Turns: 13451, Time: 00:14:03

Health: 70/129     AC: 20    Str: 28    XL:     13   Next: 77%
Magic:  0/0        EV:  9    Int: 12    God:    Makhleb [******]
Gold:   1154       SH: 18    Dex: 12    Spells: 12/12 levels left

rFire    + + .     SeeInvis +   a - +1 war axe
rCold    + . .     Gourm    .   s - +0 large shield
rNeg     . . .     Faith    +   L - +3 plate armour {rF+}
rPois    .         Spirit   .   (helmet restricted)
rElec    .         Reflect  .   K - +0 cloak "Etuasch" {rC+ SInv}
rCorr    .         Harm     .   g - +0 pair of gloves {archery}
MR       ++...                  (no boots)
Stlth    ..........             H - amulet of faith
HPRegen  0.00/turn              n - +3 ring of strength
MPRegen  0.07/turn              b - ring "Usiyn" {rF+ MR+ Int+3}

@: non-regenerating, lightly drained
A: damage resistance, heal wounds, antennae 1, sense surroundings 2, robust 1,
MP-powered wands, no regeneration
a: Heal Wounds, Minor Destruction, Lesser Servant of Makhleb, Major Destruction,
Greater Servant of Makhleb, Renounce Religion


You were on level 2 of the Orcish Mines.
You worshipped Makhleb.
Makhleb was exalted by your worship.
You were not hungry.

You visited 4 branches of the dungeon, and saw 18 of its levels.
You also visited: Bailey.

You collected 2207 gold pieces.
You spent 1053 gold pieces at shops.

Inventory:

Hand Weapons
 a - a +1 war axe (weapon)
Missiles
 i - 2 throwing nets (quivered)
Armour
 g - a +0 pair of gloves of archery (worn)
 s - a +0 large shield (worn)
 K - the +0 cloak "Etuasch" (worn) {rC+ SInv}
   (You found it in a bailey)

   It protects you from cold.
   It lets you see invisible.
   If you remove this armour, your AC will fall 2 points (20 -> 18)
 L - a +3 plate armour of fire resistance (worn)
Jewellery
 b - the ring "Usiyn" (right hand) {rF+ MR+ Int+3}
   (You bought it in a shop on level 2 of the Orcish Mines)

   [ring of intelligence]

   It affects your intelligence (+3).
   It protects you from fire.
   It affects your resistance to hostile enchantments.
 c - an uncursed amulet of regeneration {unknown}
 n - a +3 ring of strength (left hand)
 H - an amulet of faith (around neck)
Wands
 j - a wand of acid (7)
 A - a wand of polymorph (31)
 F - a wand of paralysis (7)
 J - a wand of disintegration (19)
 M - a wand of flame (35)
Scrolls
 f - 8 scrolls of teleportation {@r3}
 k - 8 scrolls of remove curse {@r2}
 l - 2 scrolls of enchant weapon
 q - 2 scrolls of fog
 G - 2 scrolls of identify {@r1}
 N - a scroll of immolation
 O - a scroll of brand weapon
 P - a scroll of magic mapping {@r5}
Potions
 d - 2 potions of might {@q3}
 h - a potion of berserk rage {unknown}
 m - 2 potions of cancellation
 o - a potion of ambrosia {unknown}
 p - 4 potions of curing {@q1}
 u - 3 potions of lignification {@q6}
 v - 2 potions of mutation
 z - 5 potions of brilliance
 B - a potion of invisibility
 C - a potion of magic
 D - 2 potions of agility {@q5}
Comestibles
 e - 24 rations
 x - a chunk of flesh


   Skills:
 + Level 8.6(8.0) Fighting
 * Level 13.5(12.8) Axes
 + Level 10.3(9.6) Armour
 + Level 9.5(8.9) Dodging
 + Level 10.2(9.6) Shields
 * Level 14.1(13.4) Invocations


You had 12 spell levels left.
You didn't know any spells.
Your spell library was empty.

Dungeon Overview and Level Annotations

Branches:
Dungeon (12/15)            Temple (1/1) D:6            Lair (3/6) D:9
 Shoals (0/4) Lair:3          Orc (2/2) D:12            Elf (0/3) Orc:2
 Bailey (visited)
  Snake: Lair:2-4    Spider: Lair:2-4

Altars:
Ashenzari
Dithmenos
Elyvilon
Fedhas
Gozag
Kikubaaqudgha
Makhleb
Nemelex Xobeh
Okawaru
Ru
Xom
Yredelemnul
Zin
The Shining One
Beogh

Shops:
D:8 ?   D:9 !   Orc:2 ?([*=

Annotations:
D:7 3 runed translucent doors, Rasan's ghost, novice MfFi


Innate Abilities, Weirdness & Mutations

You are resistant to damage.
You can heal yourself by infusing magical energy.
You passively map the area around you.
You do not regenerate.
You have a pair of small antennae on your head.
You are robust. (+10% HP)
You expend magic power (3 MP) to strengthen your wands.


Message History

The bolt of fire hits you! You resist.
The neqoxec hits you but does no damage.
You feel much better.
The orc sorcerer mumbles some strange words.
You block the neqoxec's attack. The sun demon hits you!
You are engulfed in flames!
You resist.
You hit the orc sorcerer but do no damage.
The orc sorcerer is heavily wounded.
You hit the neqoxec. You closely miss the sun demon.
The orc sorcerer hits you but does no damage.
You block the neqoxec's attack. You block the sun demon's attack.
You hit the orc sorcerer but do no damage.
The orc sorcerer is heavily wounded.
You slash the neqoxec! You slash the sun demon!
The neqoxec disappears in a puff of smoke!
The orc sorcerer mumbles some strange words.
The sun demon barely misses you.
You slash the orc sorcerer!
The orc sorcerer is severely wounded.
You barely miss the sun demon.
The red devil hits you but does no damage.
The sun demon hits you!
You are engulfed in flames.
You resist. The orc sorcerer casts a spell at you.
The bolt of negative energy misses you.
You closely miss the orc sorcerer.
The orc sorcerer is severely wounded.
You hit the sun demon but do no damage. You hit the chaos spawn.
The sun demon closely misses you.
The red devil hits you from afar with a +0 trident!
The orc sorcerer hits you but does no damage.
You slash the orc sorcerer!
You kill the orc sorcerer!
Makhleb accepts your kill.
You feel better.
The chaos spawn degenerates into a cloud of primal chaos!
The sun demon disappears in a puff of smoke!
The red devil disappears in a puff of smoke!
Some of the chunks of flesh in your inventory have rotted away.
Things that are here:
a +0 dagger; a +2 robe; an orc corpse You butcher the orc corpse.
x - 79 chunks of flesh (gained 1)
Things that are here:
a +0 dagger; a +2 robe; an orc skeleton
Things that are here:
a +0 dagger; a +2 robe; an orc skeleton
There is an entrance to Ometut's Magic Scroll Boutique here.
Some of the chunks of flesh in your inventory have rotted away.
You now have 1805 gold pieces (gained 10).
Some of the chunks of flesh in your inventory have rotted away.
Some of the chunks of flesh in your inventory have rotted away.
Some of the chunks of flesh in your inventory have rotted away.
Eating one of 49 chunks of flesh.
You eat one of the 49 chunks of flesh.
This raw flesh tastes terrible.
Some of the chunks of flesh in your inventory have rotted away.
Key pressed, stopping explore.
Items here: ( )))))) [[[[ ÷÷
Items here: ( )))) [[ ÷÷÷
Items here: ( ) [ ÷ a +0 flail; 4 boomerangs; a +0 ring mail; an orc skeleton Some of the chunks of flesh in your inventory have rotted away.
Found Keus's General Store.
Found Pobobbup's Jewellery Boutique.
Found Xikluop's Antique Armour Shop and Waajapu's Antique Weapon Shop.
There is an entrance to Xikluop's Antique Armour Shop here.
There is an entrance to Waajapu's Antique Weapon Shop here.
There is an entrance to Xikluop's Antique Armour Shop here.
g - a pair of embroidered gloves Thank you for shopping at Xikluop's Antique Armour Shop!
You start removing your armour.
You continue taking off your +0 pair of gloves.
Some of the chunks of flesh in your inventory have rotted away.
You continue taking off your +0 pair of gloves. x3
You finish taking off your +0 pair of gloves.
You start putting on your armour.
You continue putting on your pair of embroidered gloves. x5
You finish putting on your +0 pair of gloves of archery.
You feel that your aim is more steady.
Drop what? 42/52 slots (_ for help) (? for menu, Esc to quit)
You drop a +0 scale mail.
You drop a +0 pair of gloves.
You drop a +0 plate armour.
You drop a +0 cloak.
There is an entrance to Keus's General Store here.
There is an entrance to Pobobbup's Jewellery Boutique here.
b - the ring "Usiyn" {rF+ MR+ Int+3} Thank you for shopping at Pobobbup's Jewellery Boutique!
Drop what? 39/52 slots (_ for help) (? for menu, Esc to quit)
You drop an uncursed amulet of the gourmand.
You drop an uncursed ring of protection from fire.
You remove your ring of protection from magic.
You drop an uncursed ring of protection from magic.
You feel clever.
b - the ring "Usiyn" (right hand) {rF+ MR+ Int+3}
There is an entrance to Keus's General Store here.
Search for what [Enter for "broad", or ? for help]?
Can't find anything matching that.
Are you sure you want to abandon this character and quit the game? (Confirm with "yes".)
Okay, then.
Are you sure you want to abandon this character and quit the game? (Confirm with "yes".)

..############)))..######
#.. ..# #.))))....# #..
..# #.........# #..
..######## #.........# *
#.. ..##.....#
#.........# , #..
..##.....###.........###
#..
.###....................
, ##.
..##....................
, #..
.######.........@.......,
* #.. ##
#..###.........### #..
#..# #.........# * #..
#..# #.........# , #..
#..# #....⌠....# #.. #..#
#.........# *, #.. #..#
#.........# , #..
#..###.........###. #..
*#.................. *
#..


There were no monsters in sight!

Vanquished Creatures
  A fire giant (D:11)
  The ghost of bmj180 the Destroyer, a journeyman DrCj of Vehumet (D:11)
  Erica (Lair:2)
  5 two-headed ogres
  An orc high priest (Orc:2)
  Nergalle (D:12)
  4 skeletal warriors (D:12)
  An orc knight (Orc:1)
  A lindwurm (Orc:1)
  2 ugly things (D:11)
  A manticore (D:12)
  3 orc sorcerers (Orc:2)
  3 cyclopes
  A deep elf mage (D:12)
  A merfolk siren (Lair:3)
  Maurice (D:12)
  An elephant (Lair:2)
  A black mamba (Lair:3)
  7 spiny frogs
  5 komodo dragons
  2 trolls
  A hornet (D:7)
  8 blink frogs
  7 hippogriffs
  A spriggan (D:8)
  3 wyverns
  6 fire bats (D:11)
  8 yaks (Lair:1)
  A basilisk (Lair:2)
  5 hungry ghosts
  Menkaure (D:4)
  4 wargs
  An acid dragon (D:12)
  A porcupine (Lair:1)
  3 water moccasins
  A phantom (D:5)
  An ice beast (D:11)
  2 sky beasts
  A black bear (D:8)
  23 orc warriors
  A necrophage (D:10)
  4 wolves (Lair:2)
  15 ogres
  11 centaurs
  5 crocodiles
  5 big kobolds
  9 bullfrogs
  2 gnoll sergeants (D:12)
  8 scorpions
  A water moccasin skeleton (D:9)
  3 killer bees (D:8)
  16 wights
  3 crimson imps
  2 howler monkeys
  A lava snake (Lair:1)
  A quasit (D:10)
  A bullfrog zombie (D:12)
  A centaur zombie (D:11)
  4 centaur skeletons
  A gnoll shaman (D:10)
  Crazy Yiuf (D:5)
  17 orc priests
  5 hounds
  2 bullfrog skeletons
  Ijyb (D:5)
  5 worker ants
  12 orc wizards
  A killer bee zombie (D:5)
  A hound zombie (D:5)
  A hound skeleton (D:4)
  A howler monkey zombie (D:9)
  2 worker ant zombies (D:5)
  13 adders
  8 gnolls
  An adder zombie (D:5)
  2 adder skeletons
  2 dart slugs (D:1)
  6 leopard geckos
  80 orcs
  16 bats
  2 giant cockroaches
  4 goblins
  5 hobgoblins
  13 jackals
  7 quokkas
  7 frilled lizards
  14 kobolds
  2 leopard gecko zombies (D:6)
  4 rats
  4 fungi
  2 plants
457 creatures vanquished.

Vanquished Creatures (collateral kills)
  An orc warlord (Orc:2)
  A hydra (Lair:2)
  2 orc high priests (Orc:2)
  3 orc knights (Orc:2)
  2 orc sorcerers (Orc:2)
  A spiny frog (Lair:2)
  A troll (Orc:2)
  11 orc warriors (Orc:2)
  A wolf (Lair:2)
  A centaur (Lair:2)
  A bullfrog (Lair:2)
  7 orc priests (Orc:2)
  5 orc wizards (Orc:2)
  6 orcs (Orc:2)
43 creatures vanquished.

Vanquished Creatures (others)
  An orc wizard (Orc:2)
  A jackal (D:11)
  A fungus (D:6)
  A plant (Lair:2)
4 creatures vanquished.

Grand Total: 504 creatures vanquished

Notes
Turn   | Place    | Note
-------+----------+-------------------------------------------
     0 | D:1      | EnegeticOcto the Deep Dwarf Fighter began the quest for the
                  | Orb.
     0 | D:1      | Reached XP level 1. HP: 20/20 MP: 1/1
    61 | D:1      | Reached XP level 2. HP: 24/27 MP: 2/2
   291 | D:1      | Reached skill level 1 in Dodging
   369 | D:1      | Reached XP level 3. HP: 26/33 MP: 3/3
   682 | D:2      | Found a shadowy altar of Dithmenos.
   735 | D:2      | Found a blossoming altar of Fedhas.
  1019 | D:3      | Reached XP level 4. HP: 31/42 MP: 4/4
  1114 | D:3      | Found a sacrificial altar of Ru.
  1152 | D:3      | Found a faded altar of an unknown god.
  1510 | D:3      | Found a sparkling altar of Nemelex Xobeh.
  1529 | D:3      | Noticed a sky beast
  1541 | D:3      | Killed a sky beast
  1541 | D:3      | Reached XP level 5. HP: 35/49 MP: 4/4
  1857 | D:4      | Noticed Menkaure
  1868 | D:4      | Killed Menkaure
  1868 | D:4      | Reached XP level 6. HP: 45/56 MP: 5/5
  2257 | D:5      | Entered Level 5 of the Dungeon
  2290 | D:5      | Reached skill level 5 in Axes
  2312 | D:5      | Reached XP level 7. HP: 42/63 MP: 6/6
  2542 | D:5      | Reached skill level 5 in Armour
  2599 | D:5      | Found a white marble altar of Elyvilon.
  2599 | D:5      | Found a glowing silver altar of Zin.
  2686 | D:5      | Reached skill level 5 in Shields
  2757 | D:5      | Noticed Ijyb
  2772 | D:5      | Killed Ijyb
  2935 | D:5      | Found a runed translucent door.
  2936 | D:5      | Noticed Crazy Yiuf
  3158 | D:5      | Killed Crazy Yiuf
  3295 | D:6      | Reached XP level 8. HP: 68/73 MP: 5/5
  3332 | D:6      | Found a staircase to the Ecumenical Temple.
  3350 | Temple   | Entered the Ecumenical Temple
  3375 | Temple   | Became a worshipper of Makhleb the Destroyer
  3493 | D:6      | Found an opulent altar of Gozag.
  3533 | D:6      | Reached skill level 1 in Invocations
  3639 | D:6      | Reached skill level 2 in Invocations
  4135 | D:7      | Reached skill level 3 in Invocations
  4189 | D:7      | Found a runed translucent gate.
  4189 | D:7      | Found a runed translucent gate.
  4189 | D:7      | Found a runed translucent gate.
  4252 | D:7      | Reached * piety under Makhleb
  4286 | D:7      | Found a basalt altar of Yredelemnul.
  4306 | D:7      | Reached skill level 4 in Invocations
  4309 | D:7      | Reached skill level 5 in Fighting
  4309 | D:7      | Gained mutation: You passively map the area around you.
                  | [Deep Dwarf growth]
  4309 | D:7      | Reached XP level 9. HP: 75/81 MP: 7/9
  4396 | D:7      | Noticed Rasan's ghost (novice MfFi)
  4498 | D:7      | Paralysed by a hornet for 2 turns
  4576 | D:8      | Found an ancient bone altar of Kikubaaqudgha.
  4591 | D:8      | Reached skill level 5 in Dodging
  4591 | D:8      | Reached skill level 5 in Invocations
  4645 | D:8      | Found Ahea's Magic Scroll Shop.
  4674 | D:8      | Bought a scroll of brand weapon for 260 gold pieces
  4674 | D:8      | Bought a scroll of enchant armour for 97 gold pieces
  4674 | D:8      | Bought a scroll of magic mapping for 45 gold pieces
  4972 | D:8      | Reached skill level 6 in Invocations
  5306 | D:9      | Found a staircase to the Lair.
  5436 | D:9      | Reached ** piety under Makhleb
  5497 | D:9      | Found Lefaohet's Distillery.
  5822 | D:10     | Entered Level 10 of the Dungeon
  5875 | D:10     | Noticed a two-headed ogre
  5884 | D:10     | Reached XP level 10. HP: 74/91 MP: 9/9
  5891 | D:10     | Killed a two-headed ogre
  5891 | D:10     | Reached skill level 7 in Invocations
  5972 | D:10     | Found a flagged portal.
  5989 | Bailey   | Entered a bailey
  6006 | Bailey   | Gained mutation: You expend magic power (3 MP) to
                  | strengthen your wands. [potion of mutation]
  6006 | Bailey   | Gained mutation: You have a pair of small antennae on your
                  | head. [potion of mutation]
  6006 | Bailey   | Gained mutation: You are robust. (+10% HP) [potion of
                  | mutation]
  6168 | Bailey   | Noticed an orc knight
  6168 | Bailey   | Noticed an orc knight
  6168 | Bailey   | Noticed an orc knight
  6262 | Bailey   | Got a jewelled cloak
  6263 | Bailey   | Identified the Almanac of Boosting Beguiling
  6278 | Bailey   | Identified the +0 cloak "Etuasch" {rC+ SInv} (You found it
                  | in a bailey)
  6560 | D:10     | Found a sacrificial altar of Ru.
  6704 | D:10     | Reached *** piety under Makhleb
  6784 | D:10     | Reached skill level 8 in Invocations
  7141 | D:11     | Found a large runed translucent door.
  7143 | D:11     | Found a large runed translucent door.
  7146 | D:11     | Noticed a green ugly thing
  7168 | D:11     | Killed a green ugly thing
  7198 | D:11     | Reached skill level 10 in Axes
  7204 | D:11     | Reached skill level 9 in Invocations
  7229 | D:11     | Noticed a fire giant
  7257 | D:11     | Reached XP level 11. HP: 108/108 MP: 7/7
  7267 | D:11     | Killed a fire giant
  7268 | D:11     | Reached **** piety under Makhleb
  7384 | D:11     | Noticed bmj180's ghost (journeyman DrCj)
  7521 | D:11     | Noticed a two-headed ogre
  7536 | D:11     | Killed a two-headed ogre
  7536 | D:11     | Reached skill level 10 in Invocations
  7553 | D:11     | Noticed a green ugly thing
  7567 | D:11     | Killed a green ugly thing
  7733 | D:11     | Killed bmj180's ghost
  7740 | D:11     | Identified the +2 chain mail of the Empire {Int+3} (You
                  | found it on level 11 of the Dungeon)
  7793 | Lair:1   | Entered Level 1 of the Lair of Beasts
  8126 | Lair:1   | Reached skill level 11 in Invocations
  8701 | Lair:2   | Reached XP level 12. HP: 101/119 MP: 9/9
  9016 | Lair:2   | Noticed Erica
  9037 | Lair:2   | Killed Erica
  9095 | Lair:2   | Noticed a six-headed hydra
  9119 | Lair:2   | Killed a 12-headed hydra
  9170 | Lair:2   | Found a shattered altar of Ashenzari.
  9668 | Lair:3   | Reached skill level 12 in Invocations
 10231 | Lair:3   | Reached ***** piety under Makhleb
 10686 | Lair:3   | Found a staircase to the Shoals.
 10687 | Lair:3   | Identified a scroll of acquirement
 11183 | D:12     | Noticed Nergalle
 11220 | D:12     | Killed Nergalle
 11342 | D:12     | Reached XP level 13. HP: 97/128 MP: 5/5
 11629 | D:12     | Found a staircase to the Orcish Mines.
 11637 | D:12     | Noticed Maurice
 11644 | D:12     | Reached skill level 13 in Invocations
 11685 | D:12     | Killed Maurice
 11785 | Orc:1    | Entered Level 1 of the Orcish Mines
 12773 | Orc:2    | Entered Level 2 of the Orcish Mines
 12773 | Orc:2    | Found a roughly hewn altar of Beogh.
 12839 | Orc:2    | Found a staircase to the Elven Halls.
 12939 | Orc:2    | Reached skill level 10 in Armour
 13048 | Orc:2    | Reached ****** piety under Makhleb
 13098 | Orc:2    | Noticed an orc warlord
 13116 | Orc:2    | Reached skill level 10 in Shields
 13145 | Orc:2    | HP: 6/129 [orc priest/divine providence (9)]
 13158 | Orc:2    | Reached skill level 14 in Invocations
 13162 | Orc:2    | Killed an orc warlord
 13237 | Orc:2    | Found Ometut's Magic Scroll Boutique.
 13244 | Orc:2    | Found an iron altar of Okawaru.
 13401 | Orc:2    | Found Keus's General Store.
 13402 | Orc:2    | Found Pobobbup's Jewellery Boutique.
 13403 | Orc:2    | Found Xikluop's Antique Armour Shop.
 13403 | Orc:2    | Found Waajapu's Antique Weapon Shop.
 13409 | Orc:2    | Bought a pair of embroidered gloves for 157 gold pieces
 13432 | Orc:2    | Bought the ring "Usiyn" {rF+ MR+ Int+3} for 494 gold pieces
 13451 | Orc:2    | Quit the game

Levels and vault maps discovered:
D:1:      dpeg_arrival_refuge, layout_basic
D:2:      layout_rooms, nicolae_overflow_hidden_temple,
          nicolae_dithmenos_through_a_glass_darkly
D:3:      layout_loops_ring, lemuel_round_altar,
          chequers_ecumenical_altar_simple, nicolae_ru_the_path_less_chosen
D:4:      layout_loops_cross, uniq_menkaure
D:5:      layout_loops_ring, gammafunk_temple_overflow_wave, first_ration,
          uniq_ijyb, uniq_crazy_yiuf_cottage
D:6:      old_forge, layout_basic, nicolae_gozag_seed_capital,
          minmay_temple_entry_statues_fountains, chequers_avenue
D:7:      layout_rooms, basic_altar, gammafunk_ghost_icy
D:8:      layout_rooms, serial_shops, shop, basic_altar, the_bakery
D:9:      layout_cave_pools, dpeg_oklobed_lair, serial_shops, shop,
          minmay_misc_feat_nine_boxes
D:10:     layout_long_grid, enter_bailey_1, basic_altar
D:11:     minmay_firetagon, layout_rooms, ebering_ghost_disaster_area
D:12:     layout_basic, kennysheep_orc_monster_closet_entryway, uniq_maurice,
          uniq_nergalle
Temple:   regret_index_temple_sphere_string
Lair:1:   layout_gridlike, chequers_serial_rivers_room_b, grunt_megastairs_5,
          serial_bayou_shore_b, lemuel_fruit_tree, infiniplex_staircase_pool_2
Lair:2:   layout_concentric_octagons, lemuel_centaur_altar,
          serial_bayou_shore_b, wad_woods_river_01, uniq_erica
Lair:3:   layout_layer_cave, minmay_shoals_entry_lonely_mermaid
Orc:1:    nicolae_orc_accident_1, layout_caves, nicolae_volcano_entry_vermiform,
          small_statue_alley_c
Orc:2:    st_orc_congregation, layout_caves, basic_altar, serial_shops, shop,
          okawaru_metal_pillars_1_2

Skill      XL: |  1  2  3  4  5  6  7  8  9 10 11 12 13 |
---------------+----------------------------------------+-----
Dodging        | 1 2 3 4 5 6 7 8 9 |  9.5
Fighting       | 3 4 5 6 7 8 |  8.6
Axes           | 3 4 5 6 7 8 10 11 12 13 | 13.5
Armour         | 4 5 6 7 8 9 10 | 10.3
Shields        | 4 5 6 7 8 9 10 | 10.2
Invocations    | 4 6 9 11 12 14 | 14.1

Action                   |  1- 3 |  4- 6 |  7- 9 | 10-12 | 13-15 || total
-------------------------+-------+-------+-------+-------+-------++-------
Melee: War axe           |   111 |   145 |   525 |   980 |   457 ||  2218
Invok: Lesser Servant of |       |       |       |     2 |       ||     2
       Greater Servant o |       |       |       |       |     4 ||     4
 Abil: Heal Wounds       |       |     3 |    21 |    41 |    28 ||    93
  Use: Scroll            |       |     9 |     5 |    11 |       ||    25
       Potion            |       |       |       |     4 |     7 ||    11
 Stab: Held in net/web   |       |       |     1 |       |       ||     1
       Invisible         |       |       |       |       |    17 ||    17
       Paralysed         |       |       |       |       |     1 ||     1
  Eat: Chunk             |       |    10 |    24 |    12 |     8 ||    54
       Ration            |       |       |     2 |     3 |       ||     5
Armor: Scale mail        |    60 |    55 |    16 |       |       ||   131
       Plate armour      |       |       |   275 |   496 |   182 ||   953
Dodge: Dodged            |    51 |    49 |   110 |   252 |   165 ||   627
Block: Shield            |    69 |    65 |       |       |       ||   134
       Large shield      |       |       |   551 |  1074 |   566 ||  2191

Table legend:
 A = Non-vault XP
 B = Vault XP
 C = Vault XP percentage of total XP
 D = Non-vault monster count
 E = Vault monster count
 F = Vault count percentage of total count
                 A         B        C        D         E       F
            +---------+---------+-------+---------+---------+-------
      Total |   36344 |   22253 |  38.0 |     351 |     144 |  29.1
            +---------+---------+-------+---------+---------+-------
        D:1 |      45 |       0 |   0.0 |      23 |       0 |   0.0
        D:2 |      46 |       0 |   0.0 |      14 |       0 |   0.0
        D:3 |     193 |       0 |   0.0 |      19 |       0 |   0.0
        D:4 |     115 |     169 |  59.5 |       6 |       1 |  14.3
        D:5 |     695 |      79 |  10.2 |      28 |       2 |   6.7
        D:6 |     368 |     405 |  52.4 |       8 |      15 |  65.2
        D:7 |    1260 |       0 |   0.0 |      20 |       0 |   0.0
        D:8 |     960 |     229 |  19.3 |      17 |       1 |   5.6
        D:9 |     916 |       0 |   0.0 |      24 |       0 |   0.0
       D:10 |    2190 |       0 |   0.0 |      25 |       0 |   0.0
       D:11 |    4707 |    3897 |  45.3 |      32 |       8 |  20.0
       D:12 |    8066 |    2888 |  26.4 |      28 |      22 |  44.0
     Lair:1 |    2582 |    1769 |  40.7 |      11 |       7 |  38.9
     Lair:2 |    4469 |    2560 |  36.4 |      21 |       9 |  30.0
     Lair:3 |    3026 |     498 |  14.1 |      11 |       1 |   8.3
      Orc:1 |    3899 |    1665 |  29.9 |      42 |       5 |  10.6
      Orc:2 |    2807 |    7792 |  73.5 |      22 |      61 |  73.5
     Bailey |       0 |     302 | 100.0 |       0 |      12 | 100.0
            +---------+---------+-------+---------+---------+-------
